| TOP OF THE 1ST |
|
Waynesboro Braves batting - Pitching for Bluefield Grays : RHP Daniel Morgan
|
|
Pitching: RHP Daniel Morgan
|
|
|
Batting: LHB Dan Rohn
|
0-0: DOUBLE (Line Drive, 89M)
|
|
Batting: RHB Donald Eagan
|
0-0: Ball 1-0: Ball Passed Ball! Dan Rohn to third 2-0: Called Strike 2-1: Ball 3-1: Base on Balls
|
|
Batting: RHB Mark Naehring
|
0-0: Called Strike 0-1: Fly out, F9 (Flyball, 9) Runner from 3rd tags up, SCORES, throw by RF
|
|
Batting: RHB James LaFountain
|
0-0: Ball 1-0: Ball 2-0: Grounds into double play, 5-4-3 (Groundball, 56)
|
| Top of the 1st over - 1 run, 1 hit, 0 errors, 0 left on base; Waynesboro 1 - Bluefield 0 |
| BOTTOM OF THE 1ST |
|
Bluefield Grays batting - Pitching for Waynesboro Braves : RHP Ken Schrom
|
|
Pitching: RHP Ken Schrom
|
|
|
Batting: RHB Scott Christopher
|
0-0: Ground out 1-3 (Groundball, 34S)
|
|
Batting: RHB Donald Hubbard
|
0-0: Ball 1-0: Ball 2-0: Called Strike 2-1: Ball 3-1: Foul Ball, location: 2F 3-2: Foul Ball, location: 2F 3-2: Foul Ball, location: 2F 3-2: Foul Ball, location: 2F 3-2: Base on Balls
|
|
Batting: RHB Chris Bourjos
|
0-0: Ball 1-0: Foul Ball, location: 2F 1-1: Ball Wild Pitch! Donald Hubbard to second 2-1: Fly out, F7 (Flyball, 7LM)
|
|
Batting: SHB Willie McGee
|
0-0: Ball 1-0: Swinging Strike 1-1: Swinging Strike 1-2: Ball 2-2: SINGLE (Line Drive, 8RS) Donald Hubbard to third Runner from 3rd tries for Home, SAFE, no throw by CF
|
|
Batting: RHB Jim Gaudet
|
0-0: Called Strike 0-1: Swinging Strike 0-2: Fly out, F7 (Flyball, 7S)
|
| Bottom of the 1st over - 1 run, 1 hit, 0 errors, 1 left on base; Waynesboro 1 - Bluefield 1 |
| TOP OF THE 2ND |
|
Waynesboro Braves batting - Pitching for Bluefield Grays : RHP Daniel Morgan
|
|
Batting: RHB Barry Janney
|
0-0: Foul Ball, location: 2F 0-1: SINGLE (Groundball, 56D)
|
|
Batting: RHB Michael White
|
0-0: Foul Ball, location: 2F 0-1: Fielders Choice at 2nd, 6-4 (Groundball, 6)
|
|
Now at 2B: William Cowens
|
|
|
Batting: RHB Scott Carnes
|
0-0: Ball 1-0: Fly out, F7 (Flyball, 7)
|
|
Batting: SHB Albert Hall
|
0-0: Swinging Strike 0-1: Ball 1-1: Foul Ball, location: 2F 1-2: Strikes out swinging
|
| Top of the 2nd over - 0 runs, 1 hit, 0 errors, 1 left on base; Waynesboro 1 - Bluefield 1 |
| BOTTOM OF THE 2ND |
|
Bluefield Grays batting - Pitching for Waynesboro Braves : RHP Ken Schrom
|
|
Batting: LHB Bob Porter
|
0-0: Ball 1-0: Swinging Strike 1-1: Foul Ball, location: 2F 1-2: Ground out U3 (Groundball, 3)
|
|
Batting: RHB Mike Paciorek
|
0-0: SINGLE (Groundball, 4MD)
|
|
Batting: RHB William Cowens
|
0-0: Called Strike 0-1: SINGLE (Line Drive, 8LS) Mike Paciorek to second
|
|
Batting: SHB Rogelio Sanchez
|
0-0: SINGLE (Line Drive, 34D) Mike Paciorek to third William Cowens to second
|
|
Batting: RHB Scott Christopher
|
0-0: Ball 1-0: Ball 2-0: Called Strike 2-1: Ball 3-1: Base on Balls Mike Paciorek scores William Cowens to third Rogelio Sanchez to second
|
|
Batting: RHB Donald Hubbard
|
0-0: Called Strike 0-1: Ball 1-1: Called Strike 1-2: Fly out, F7 (Flyball, 7LDF) Runner from 3rd tags up, SCORES, no throw by LF
|
|
Batting: RHB Chris Bourjos
|
0-0: Fly out, F7 (Line Drive, 7)
|
| Bottom of the 2nd over - 2 runs, 3 hits, 0 errors, 2 left on base; Waynesboro 1 - Bluefield 3 |
| TOP OF THE 3RD |
|
Waynesboro Braves batting - Pitching for Bluefield Grays : RHP Daniel Morgan
|
|
Batting: LHB Dan Donovan
|
0-0: Ground out 4-3 (Groundball, 34)
|
|
Batting: LHB Dan Rohn
|
0-0: Ground out 4-3 (Groundball, 4M)
|
|
Batting: RHB Donald Eagan
|
0-0: Called Strike 0-1: Swinging Strike 0-2: SINGLE (Line Drive, 89S)
|
|
Batting: RHB Mark Naehring
|
0-0: Ball 1-0: Foul Ball, location: 2F 1-1: Ball 2-1: Foul Ball, location: 2F 2-2: Foul Ball, location: 2F 2-2: DOUBLE (Line Drive, 89M) Donald Eagan to third
|
|
Batting: RHB James LaFountain
|
0-0: Called Strike 0-1: Foul Ball, location: 2F 0-2: Ball 1-2: Strikes out swinging
|
| Top of the 3rd over - 0 runs, 2 hits, 0 errors, 2 left on base; Waynesboro 1 - Bluefield 3 |
| BOTTOM OF THE 3RD |
|
Bluefield Grays batting - Pitching for Waynesboro Braves : RHP Ken Schrom
|
|
Batting: SHB Willie McGee
|
0-0: Ball 1-0: Ball 2-0: Foul Ball, location: 2F 2-1: Foul Ball, location: 2F 2-2: Ground out 1-3 (Groundball, P)
|
|
Batting: RHB Jim Gaudet
|
0-0: SINGLE (Groundball, 34D)
|
|
Batting: LHB Bob Porter
|
0-0: Ball 1-0: Fly out, F7 (Flyball, 7LS)
|
|
Batting: RHB Mike Paciorek
|
0-0: Called Strike 0-1: Ground out 4-3 (Groundball, 4)
|
| Bottom of the 3rd over - 0 runs, 1 hit, 0 errors, 1 left on base; Waynesboro 1 - Bluefield 3 |
| TOP OF THE 4TH |
|
Waynesboro Braves batting - Pitching for Bluefield Grays : RHP Daniel Morgan
|
|
Batting: RHB Barry Janney
|
0-0: Ground out 6-3 (Groundball, 6)
|
|
Batting: RHB Michael White
|
0-0: Foul Ball, location: 2F 0-1: Ball 1-1: Ball 2-1: Foul Ball, location: 2F 2-2: Ball 3-2: Strikes out looking
|
|
Batting: RHB Scott Carnes
|
0-0: Called Strike 0-1: Ball 1-1: Called Strike 1-2: Strikes out looking
|
| Top of the 4th over - 0 runs, 0 hits, 0 errors, 0 left on base; Waynesboro 1 - Bluefield 3 |
| BOTTOM OF THE 4TH |
|
Bluefield Grays batting - Pitching for Waynesboro Braves : RHP Ken Schrom
|
|
Batting: RHB William Cowens
|
0-0: Ball 1-0: Swinging Strike 1-1: Foul Ball, location: 2F 1-2: Ball 2-2: Foul Ball, location: 2F 2-2: Foul Ball, location: 2F 2-2: Foul Ball, location: 2F 2-2: Ball 3-2: Strikes out swinging
|
|
Batting: SHB Rogelio Sanchez
|
0-0: Ball 1-0: DOUBLE (Line Drive, 8LD)
|
|
Batting: RHB Scott Christopher
|
0-0: Ball 1-0: Ground out 5-3 (Groundball, 5)
|
|
Batting: RHB Donald Hubbard
|
0-0: Swinging Strike 0-1: Called Strike 0-2: Foul Ball, location: 2F 0-2: Fly out, F7 (Flyball, 7S)
|
| Bottom of the 4th over - 0 runs, 1 hit, 0 errors, 1 left on base; Waynesboro 1 - Bluefield 3 |
| TOP OF THE 5TH |
|
Waynesboro Braves batting - Pitching for Bluefield Grays : RHP Daniel Morgan
|
|
Batting: SHB Albert Hall
|
0-0: Called Strike 0-1: SINGLE (Flyball, 7LS)
|
|
Batting: LHB Dan Donovan
|
0-0: Ball Albert Hall steals 2nd base (no throw) 1-0: Called Strike 1-1: Foul Ball, location: 2F 1-2: Strikes out swinging
|
|
Batting: LHB Dan Rohn
|
0-0: Ball 1-0: Called Strike 1-1: Ball 2-1: Swinging Strike 2-2: Ball Wild Pitch! Albert Hall to third 3-2: Foul Ball, location: 2F 3-2: Base on Balls
|
|
Batting: RHB Donald Eagan
|
0-0: Ball 1-0: Foul Ball, location: 2F 1-1: Fly out, F9 (Flyball, 9LMF) Runner from 3rd tags up, SCORES, no throw by RF
|
|
Batting: RHB Mark Naehring
|
0-0: Ball 1-0: Called Strike 1-1: Foul Ball, location: 2F 1-2: Ball 2-2: Ball 3-2: Foul Ball, location: 2F 3-2: SINGLE (Groundball, 6MD) Dan Rohn to second Dan Rohn to third
|
|
Batting: RHB James LaFountain
|
0-0: Ball 1-0: Foul Ball, location: 2F 1-1: Ball 2-1: Fly out, F7 (Flyball, 7LSF)
|
| Top of the 5th over - 1 run, 2 hits, 0 errors, 2 left on base; Waynesboro 2 - Bluefield 3 |
| BOTTOM OF THE 5TH |
|
Bluefield Grays batting - Pitching for Waynesboro Braves : RHP Ken Schrom
|
|
Batting: RHB Chris Bourjos
|
0-0: SINGLE (Line Drive, 89S)
|
|
Batting: SHB Willie McGee
|
0-0: Ball 1-0: Ball 2-0: Called Strike 2-1: SINGLE (Line Drive, 4D) Chris Bourjos to second
|
|
Batting: RHB Jim Gaudet
|
0-0: Ball 1-0: Ball 2-0: SINGLE (Line Drive, 8RS) Chris Bourjos to third Willie McGee to second
|
|
Batting: LHB Bob Porter
|
0-0: Ball 1-0: Fly out, F8 (Flyball, 8LM) Runner from 3rd tags up, OUT at HOME! 8-2 Willie McGee to third Jim Gaudet to second
|
|
Batting: RHB Mike Paciorek
|
0-0: Ball 1-0: Fly out, F7 (Flyball, 78S)
|
| Bottom of the 5th over - 0 runs, 3 hits, 0 errors, 2 left on base; Waynesboro 2 - Bluefield 3 |
| TOP OF THE 6TH |
|
Waynesboro Braves batting - Pitching for Bluefield Grays : RHP Daniel Morgan
|
|
Batting: RHB Barry Janney
|
0-0: Called Strike 0-1: Ball 1-1: Called Strike 1-2: Ball 2-2: Ball 3-2: Ground out 6-3 (Groundball, 6)
|
|
Batting: RHB Michael White
|
0-0: Bunted foul 0-1: Foul Ball, location: 2F 0-2: Ball 1-2: Foul Ball, location: 2F 1-2: Fly out, F7 (Flyball, 78D)
|
|
Batting: RHB Scott Carnes
|
0-0: Called Strike 0-1: Ball 1-1: Swinging Strike 1-2: Foul Ball, location: 2F 1-2: Foul Ball, location: 2F 1-2: Ball 2-2: Foul Ball, location: 2F 2-2: Strikes out swinging
|
| Top of the 6th over - 0 runs, 0 hits, 0 errors, 0 left on base; Waynesboro 2 - Bluefield 3 |
| BOTTOM OF THE 6TH |
|
Bluefield Grays batting - Pitching for Waynesboro Braves : RHP Ken Schrom
|
|
Batting: RHB William Cowens
|
0-0: Ground out 1-3 (Groundball, 25)
|
|
Batting: SHB Rogelio Sanchez
|
0-0: Called Strike 0-1: Ground out 3-1 (Groundball, 34)
|
|
Batting: RHB Scott Christopher
|
0-0: Called Strike 0-1: SINGLE (Line Drive, 9S)
|
|
Batting: RHB Donald Hubbard
|
0-0: Called Strike 0-1: Fly out, F7 (Flyball, 7)
|
| Bottom of the 6th over - 0 runs, 1 hit, 0 errors, 1 left on base; Waynesboro 2 - Bluefield 3 |
| TOP OF THE 7TH |
|
Waynesboro Braves batting - Pitching for Bluefield Grays : RHP Daniel Morgan
|
|
Now at 3B: Luis DeLeon
|
|
|
Now in CF: Gregory Kline
|
|
|
Batting: SHB Albert Hall
|
0-0: Foul Ball, location: 2F 0-1: Swinging Strike 0-2: Ball 1-2: Ball 2-2: Strikes out swinging
|
|
Batting: LHB Dan Donovan
|
0-0: Called Strike 0-1: Ball 1-1: Foul Ball, location: 2F 1-2: Foul Ball, location: 2F 1-2: Strikes out looking
|
|
Batting: LHB Dan Rohn
|
0-0: Fly out, F3 (Line Drive, 3)
|
| Top of the 7th over - 0 runs, 0 hits, 0 errors, 0 left on base; Waynesboro 2 - Bluefield 3 |
| BOTTOM OF THE 7TH |
|
Bluefield Grays batting - Pitching for Waynesboro Braves : RHP Ken Schrom
|
|
Batting: RHB Chris Bourjos
|
0-0: Ball 1-0: SINGLE (Line Drive, 8LS)
|
|
Batting: SHB Willie McGee
|
0-0: Ball 1-0: Fly out, F4 (Popup, 4D)
|
|
Batting: RHB Jim Gaudet
|
0-0: Called Strike 0-1: Ball 1-1: SINGLE (Flyball, 8RS) Chris Bourjos to second
|
|
Batting: LHB Bob Porter
|
0-0: Foul Ball, location: 2F 0-1: Foul Ball, location: 2F 0-2: Ball 1-2: Ball 2-2: Foul Ball, location: 2F 2-2: Foul Ball, location: 2F 2-2: Ball 3-2: Fly out, F7 (Flyball, 78S)
|
|
Batting: RHB Mike Paciorek
|
0-0: Ball 1-0: Ball Wild Pitch! Chris Bourjos to third Jim Gaudet to second 2-0: Foul Ball, location: 2F 2-1: Ball 3-1: Base on Balls
|
|
Batting: RHB William Cowens
|
0-0: Swinging Strike 0-1: Ball 1-1: Called Strike 1-2: Strikes out swinging
|
| Bottom of the 7th over - 0 runs, 2 hits, 0 errors, 3 left on base; Waynesboro 2 - Bluefield 3 |
| TOP OF THE 8TH |
|
Waynesboro Braves batting - Pitching for Bluefield Grays : RHP Daniel Morgan
|
|
Pitching: RHP Randy McGilberry
|
|
|
Now at 1B: Douglas Perry
|
|
|
Batting: RHB Donald Eagan
|
0-0: Fly out, F4 (Popup, 34)
|
|
Batting: RHB Mark Naehring
|
0-0: Called Strike 0-1: Foul Ball, location: 2F 0-2: SINGLE (Groundball, 6MD)
|
|
Pinch Runner at 1st Rod Gilbreath:
|
|
|
Batting: RHB James LaFountain
|
0-0: Foul Ball, location: 2F 0-1: Ball 1-1: Foul Ball, location: 2F 1-2: Foul Ball, location: 2F 1-2: Ball 2-2: Ball 3-2: DOUBLE (Line Drive, 3D) Rod Gilbreath to third Runner from 3rd tries for Home, SAFE, no throw by RF
|
|
Batting: RHB Barry Janney
|
0-0: SINGLE (Groundball, 13S) (infield hit) James LaFountain to third
|
|
Pitching: RHP Andy Bailey
|
|
|
Batting: RHB Michael White
|
0-0: Hit by Pitch Barry Janney to second
|
|
Batting: RHB Scott Carnes
|
0-0: Ball 1-0: Ball 2-0: Ball 3-0: Called Strike 3-1: Foul Ball, location: 2F 3-2: Strikes out swinging
|
|
Batting: SHB Albert Hall
|
0-0: Ball 1-0: Called Strike 1-1: Ball 2-1: Foul Ball, location: 2F 2-2: Strikes out swinging
|
| Top of the 8th over - 1 run, 3 hits, 0 errors, 3 left on base; Waynesboro 3 - Bluefield 3 |
| BOTTOM OF THE 8TH |
|
Bluefield Grays batting - Pitching for Waynesboro Braves : RHP Ken Schrom
|
|
Now at 3B: Rod Gilbreath
|
|
|
Batting: SHB Rogelio Sanchez
|
0-0: SINGLE (Groundball, 4MD)
|
|
Batting: SHB Luis DeLeon
|
0-0: Bunted foul 0-1: Bunted foul 0-2: Foul Ball, location: 2F 0-2: Ground out 3-1 (Groundball, 3) Rogelio Sanchez to second
|
|
Batting: LHB Gregory Kline
|
0-0: Ball 1-0: Called Strike 1-1: Swinging Strike 1-2: Ball 2-2: Fly out, F8 (Flyball, 8LS)
|
|
Batting: RHB Chris Bourjos
|
0-0: Intentional Walk
|
|
Batting: SHB Willie McGee
|
0-0: Ball 1-0: Fly out, F5 (Popup, 6S)
|
| Bottom of the 8th over - 0 runs, 1 hit, 0 errors, 2 left on base; Waynesboro 3 - Bluefield 3 |
| TOP OF THE 9TH |
|
Waynesboro Braves batting - Pitching for Bluefield Grays : RHP Andy Bailey
|
|
Pinch Hitting: LHB Freddie Tisdale
|
0-0: Called Strike 0-1: Ball 1-1: SINGLE (Groundball, 34D)
|
|
Batting: LHB Dan Rohn
|
0-0: Swinging Strike 0-1: Ball 1-1: Fly out, F4 (Line Drive, 4)
|
|
Batting: RHB Donald Eagan
|
0-0: Ball 1-0: Ball 2-0: Called Strike 2-1: Grounds into double play, 4-6-3 (Groundball, 4)
|
| Top of the 9th over - 0 runs, 1 hit, 0 errors, 0 left on base; Waynesboro 3 - Bluefield 3 |
| BOTTOM OF THE 9TH |
|
Bluefield Grays batting - Pitching for Waynesboro Braves : RHP Ken Schrom
|
|
Now at C: Vicente Diaz
|
|
|
Pinch Hitting: RHB Jesse Plummer
|
0-0: Swinging Strike 0-1: Called Strike 0-2: Ball 1-2: SOLO HOME RUN (Flyball, 9LD), Distance : 334 ft
|
 |
|
Thursday, January 24th, 2019 - OOTP Baseball 19.13 Build 132
|
|